 Dungeon Crawl Stone Soup version 0.27-a0-148-g9515ab555c (webtiles) character file.

Game seed: 14856237083643727570

1709 shakesphere1979 the Covered (level 9, 0/69 HPs)
             Began as a Barachi Fighter on Jan 26, 2021.
             Was a Follower of Okawaru.
             Slain by Prince Ribbit (15 damage)
             ... on level 6 of the Dungeon.
             The game lasted 00:24:35 (7174 turns).

shakesphere1979 the Covered (Barachi Fighter)       Turns: 7174, Time: 00:24:36

Health: 0/69       AC:  7    Str: 20    XL:     9   Next: 3%
Magic:  9/9        EV: 12    Int:  8    God:    Okawaru [*.....]
Gold:   133        SH: 11    Dex: 13    Spells: 8/8 levels left

rFire    . . .     SeeInvis +   e - +3 dagger (venom)
rCold    . . .     Faith    .   c - +0 kite shield
rNeg     . . .     Spirit   .   F - +1 ring mail of Uskayaw's Regard {-Tele rPois rCorr SInv} (curse)
rPois    +         Reflect  .   (helmet restricted)
rElec    .         Harm     .   (no cloak)
rCorr    +         Rampage  .   (no gloves)
Will     .....     NoTele   +   (no boots)
Stlth    +.........             (no amulet)
HPRegen  0.21/turn              (no ring)
MPRegen  0.11/turn              (no ring)

@: slow
A: +LOS, swims, beak, slowness 1, wild magic 1, strong legs 1
a: Hop, Renounce Religion, Heroism


You were on level 6 of the Dungeon.
You worshipped Okawaru.
Okawaru was aware of your devotion.
You visited 2 branches of the dungeon, and saw 7 of its levels.

You collected 263 gold pieces.
You spent 130 gold pieces at shops.

Inventory:

Hand Weapons
 a - a +0 long sword
 e - a +3 dagger of venom (weapon)
 u - a cursed -2 long sword
 y - a +1 whip of electrocution
Missiles
 f - 20 poisoned darts
 h - 78 bolts
 i - 77 arrows
 q - 5 curare-tipped darts
 r - 72 stones
Armour
 c - a +0 kite shield (worn)
 n - a +0 ring mail of cold resistance
 F - the cursed +1 ring mail of Uskayaw's Regard (worn) {-Tele rPois rCorr SInv}
   (You found it on level 6 of the Dungeon)

   It protects you from poison.
   It lets you see invisible.
   It prevents most forms of teleportation.
   It provides partial protection from all sources of acid and corrosion.
   It has a curse placed upon it.
Jewellery
 t - an uncursed amulet of faith
 E - a cursed amulet of inaccuracy {unknown}
Wands
 b - a wand of paralysis (6)
 p - a wand of polymorph (14)
Scrolls
 g - 2 scrolls of fear {unknown}
 j - 3 scrolls of enchant weapon
 k - 2 scrolls of random uselessness {unknown}
 l - 4 scrolls of remove curse
 m - 8 scrolls of identify
 v - a scroll of blinking {unknown}
 w - 3 scrolls of teleportation {unknown}
 C - a scroll of enchant armour {unknown}
Potions
 d - a potion of might
 o - 2 potions of resistance
 s - 2 potions of curing
 x - a potion of flight {unknown}
 z - 3 potions of heal wounds
 A - a potion of attraction {unknown}
 B - a potion of invisibility
 D - a potion of brilliance
 G - a potion of lignification {unknown}
 H - 2 potions of magic {unknown}


   Skills:
 + Level 6.1 Fighting
 - Level 2.4 Long Blades
 + Level 7.4 Armour
 + Level 5.6 Dodging
 - Level 2.0 Stealth
 - Level 7.0 Shields
 + Level 3.7 Evocations


You had 8 spell levels left.
You didn't know any spells.
Your spell library was empty.

Dungeon Overview and Level Annotations

Branches:
Dungeon (6/15)             Temple (1/1) D:4

Altars:
Ashenzari
Cheibriados
Elyvilon
Fedhas
Gozag
Hepliaklqana
Kikubaaqudgha
Makhleb
Nemelex Xobeh
Okawaru
Qazlal
Sif Muna
Trog
Uskayaw
Yredelemnul
Zin
The Shining One

Shops:
D:5 !

Annotations:
D:6 Prince Ribbit


Innate Abilities, Weirdness & Mutations

You can be seen from farther away. (+LOS)
You can swim through water.
You cover ground slowly.
You can hop short distances.
You have a beak for a mouth.
Your spells are a little harder to cast, but a little more powerful.


Message History

The quokka is heavily wounded.
You block the quokka's attack. You block Prince Ribbit's attack.
The quokka closely misses you.
You miss the quokka.
The quokka is heavily wounded.
Prince Ribbit looks more healthy.
Prince Ribbit blinks!
The quokka closely misses you.
You hit the quokka but do no damage.
The quokka is heavily wounded.
The quokka closely misses you.
You hit the quokka.
The quokka is poisoned.
Your peck misses the quokka.
The quokka is severely wounded.
You block Prince Ribbit's attack. You block the quokka's attack.
Prince Ribbit hits you.
* * * LOW HITPOINT WARNING * * *
You block the quokka's attack.
You kill the quokka!
Okawaru accepts your kill. Prince Ribbit hits you!
You die...

....#......## ##.........
.......##...## ###.........
.#.#.###.....###...........
..##..##.....#.............
.###...#...............(..>
.##........................
.....##....................
....###...#................
.....#...####...@F†........
.........# #....)###.(....
.......#..# ##....# .....
.......#..# #...... ....
...#####............ ...
#..# #.###........ .. #..#
## #......).. ....
........... #...
......##.....


You could see Prince Ribbit.

Vanquished Creatures
  Grinder (D:5)
  Purgy (D:3)
  A black bear (D:6)
  An ice beast (D:5)
  3 ogres
  2 phantoms
  A bullfrog (D:2)
  A howler monkey (D:5)
  A bullfrog zombie (D:5)
  3 hounds
  4 orc priests
  An iguana (D:4)
  5 orc wizards
  3 worker ants (D:4)
  A worker ant zombie (D:5)
  3 gnolls (D:5)
  3 adders
  2 shadow imps (D:5)
  A white imp (D:5)
  An ooze (D:3)
  An adder skeleton (D:4)
  5 worms
  2 dart slugs
  4 leopard geckos
  16 orcs
  6 bats
  4 giant cockroaches
  8 hobgoblins
  5 jackals
  2 quokkas
  8 frilled lizards
  7 goblins
  A jackal skeleton (D:4)
  9 kobolds
  10 rats
127 creatures vanquished.

Notes
Turn   | Place    | Note
-------+----------+-------------------------------------------
     0 | D:1      | shakesphere1979 the Barachi Fighter began the quest for the
                  | Orb.
     0 | D:1      | Reached XP level 1. HP: 18/18 MP: 1/1
   233 | D:1      | Reached XP level 2. HP: 24/25 MP: 2/2
   720 | D:1      | Reached skill level 1 in Dodging
   869 | D:1      | Reached XP level 3. HP: 30/30 MP: 3/3
  1157 | D:2      | Reached skill level 1 in Stealth
  1209 | D:2      | Found a basalt altar of Yredelemnul.
  1539 | D:2      | Noticed a bullfrog
  1552 | D:2      | Killed a bullfrog
  1553 | D:2      | Reached XP level 4. HP: 16/37 MP: 4/4
  1908 | D:3      | Noticed Purgy
  1930 | D:3      | Killed Purgy
  1931 | D:3      | Reached XP level 5. HP: 11/42 MP: 5/5
  2276 | D:3      | Reached XP level 6. HP: 29/48 MP: 6/6
  2479 | D:3      | Reached skill level 5 in Armour
  2779 | D:3      | Gained mutation: You have a beak for a mouth. [potion of
                  | mutation]
  2779 | D:3      | Gained mutation: Your spells are a little harder to cast,
                  | but a little more powerful. [potion of mutation]
  2779 | D:3      | HP: 1/48 [poisoned by a goblin]
  3582 | D:4      | Reached skill level 5 in Shields
  3624 | D:4      | Reached XP level 7. HP: 31/54 MP: 7/7
  3809 | D:4      | Found a snail-covered altar of Cheibriados.
  3854 | D:4      | Found a staircase to the Ecumenical Temple.
  4907 | Temple   | Entered the Ecumenical Temple
  5121 | Temple   | Became a worshipper of Warmaster Okawaru
  5173 | D:5      | Entered Level 5 of the Dungeon
  5409 | D:5      | Found Yrreraa's Distillery.
  5418 | D:5      | Bought a potion of invisibility for 80 gold pieces
  5418 | D:5      | Bought a potion of heal wounds for 50 gold pieces
  5502 | D:5      | Reached skill level 1 in Evocations
  5646 | D:5      | Found a bloodstained altar of Trog.
  5656 | D:5      | Noticed Grinder
  5660 | D:5      | Paralysed by Grinder for 2 turns
  5668 | D:5      | Killed Grinder
  5669 | D:5      | Reached skill level 5 in Fighting
  5669 | D:5      | Reached XP level 8. HP: 49/62 MP: 8/8
  5814 | D:5      | Reached * piety under Okawaru
  5948 | D:5      | Reached skill level 5 in Dodging
  6223 | D:5      | Found a hide-covered altar of Uskayaw.
  6855 | D:6      | Got a crude ring mail
  6880 | D:5      | Identified the cursed +1 ring mail of Uskayaw's Regard
                  | {-Tele rPois rCorr SInv} (You found it on level 6 of the
                  | Dungeon)
  7152 | D:6      | Noticed Prince Ribbit
  7158 | D:6      | Reached XP level 9. HP: 58/69 MP: 9/9
  7174 | D:6      | Slain by Prince Ribbit

Illustrated notes

Levels and vault maps discovered:
D:1:      heliophobic_arrival_glass_houses, layout_basic, minmay_misc_feat_chi,
          chequers_jeans, minivault_11
D:2:      layout_basic, marbit_many_paths
D:3:      layout_basic, grunt_ministairs_5, uniq_purgy
D:4:      layout_basic, lemuel_coloured_pillars_altar,
          minmay_temple_entry_junction_2, cheibrodos_sewer_entry_bend
D:5:      layout_loops_corners, eat_drink_and_be_merry_uskayaw,
          nicolae_overflow_hidden_temple, serial_shops, shop,
          minmay_stone_trees_small, uniq_grinder
D:6:      layout_cave_pools, lemuel_round_altar, serial_bayou_lake_a,
          uniq_prince_ribbit1
Temple:   nicolae_temple_figure_eight

Skill      XL: |  1  2  3  4  5  6  7  8 |
---------------+-------------------------+-----
Dodging        | 1 2 3 4 5 |  5.6
Armour         | 4 5 6 7 |  7.4
Stealth        | 1 2 |  2.0
Fighting       | 4 5 6 |  6.1
Shields        | 4 5 6 7 |  7.0
Evocations     | 1 3 |  3.7
Long Blades    | |  2.4

Action                   |  1- 3 |  4- 6 |  7- 9 || total
-------------------------+-------+-------+-------++-------
Melee: Long sword        |   104 |    96 |       ||   200
       Dagger            |       |    65 |   267 ||   332
       Peck              |       |    15 |    51 ||    66
 Abil: Hop               |       |     1 |       ||     1
Evoke: Wand              |       |       |     2 ||     2
  Use: Potion            |       |     5 |       ||     5
       Scroll            |       |     3 |       ||     3
 Stab: Paralysed         |       |       |     4 ||     4
Armor: Scale mail        |    61 |    65 |       ||   126
       Ring mail         |       |    15 |    56 ||    71
Dodge: Dodged            |    42 |    74 |   108 ||   224
Block: Kite shield       |    88 |    89 |   132 ||   309
       Rpst.: Long sword |    13 |    14 |       ||    27

Table legend: (Time is in decaauts)
 A = Elapsed time spent in this place.
 B = Non-inter-level travel time spent in this place.
 C = Inter-level travel time spent in this place.
 D = Time resting spent in this place.
 E = Time spent auto-exploring this place.
 F = Levels seen in this place.
 G = Mean time per level.
                   A        B        C        D        E       F      G
               +--------+--------+--------+--------+--------+-----+--------+
         Total |   8062 |   7917 |    145 |   1472 |   4232 |   7 | 1151.7 |
       Dungeon |   7765 |   7620 |    145 |   1472 |   4025 |   6 | 1294.2 |
        Temple |    297 |    297 |      0 |      0 |    207 |   1 |  297.0 |
               +--------+--------+--------+--------+--------+-----+--------+

Top non-repeatable levels by time:
     D:5: 1868 daAuts
     D:3: 1829 daAuts
     D:4: 1526 daAuts
     D:1: 1320 daAuts
     D:2: 861 daAuts
     D:6: 359 daAuts
  Temple: 297 daAuts
